 Dungeon Crawl Stone Soup version 0.26-a0-851-g735459dd53 (webtiles) character file.

Game seed: 17477194089223201317

172 Conn the Firebug (level 5, -5/32 HPs)
             Began as an Octopode Fire Elementalist on Nov 21, 2020.
             Slain by a mummy (12 damage)
             ... on level 4 of the Dungeon.
             The game lasted 00:10:37 (3897 turns).

Conn the Firebug (Octopode Fire Elementalist)       Turns: 3897, Time: 00:10:38

Health: -5/32      AC:  1    Str:  8    XL:     5   Next: 52%
Magic:  7/10       EV: 13    Int: 18    God:
Gold:   229        SH:  0    Dex: 12    Spells: 4/11 levels left

rFire    . . .     SeeInvis .   j - +0 short sword
rCold    . . .     Faith    +   (no shield)
rNeg     . . .     Spirit   .   (helmet restricted)
rPois    .         Reflect  .   h - amulet of faith (curse)
rElec    .         Harm     .   p - ring of resist corrosion
rCorr    +         Rampage  .   (no ring)
MR       .....                  (no ring)
Stlth    +++.......             (no ring)
HPRegen  0.10/turn              (no ring)
MPRegen  0.12/turn              (no ring)
                                (no ring)
                                (no ring)

@: brilliant, attractive
A: almost no armour, stealthy swim, amphibious, 8 rings, constrict 8, camouflage
1, gelatinous body 1
a: no special abilities


You were on level 4 of the Dungeon.
You visited 1 branch of the dungeon, and saw 4 of its levels.
You also visited: Ossuary.

You collected 229 gold pieces.

Inventory:

Hand Weapons
 j - a +0 short sword (weapon)
Missiles
 k - 4 atropa-tipped darts (quivered)
Armour
 d - a +2 buckler
Magical Staves
 r - an uncursed staff of earth
Jewellery
 h - a cursed amulet of faith (around mantle)
 p - a ring of resist corrosion (left tentacle)
Scrolls
 a - 5 scrolls of remove curse
 f - a scroll of identify
 l - a scroll of fear
 n - 3 scrolls of teleportation
 s - a scroll of magic mapping
Potions
 b - a potion of invisibility {unknown}
 c - a potion of might {unknown}
 e - a potion of brilliance
 g - 2 potions of attraction
 i - 2 potions of degeneration {unknown}
 m - a potion of flight {unknown}
 o - a potion of lignification {unknown}
 q - a potion of magic {unknown}


   Skills:
 + Level 0.5 Fighting
 + Level 0.2 Short Blades
 + Level 2.4 Dodging
 + Level 3.5 Stealth
 + Level 0.4 Unarmed Combat
 * Level 3.5 Spellcasting
 * Level 1.6 Conjurations
 + Level 4.0 Fire Magic


You had 4 spell levels left.
You knew the following spells:

 Your Spells              Type           Power        Failure   Level
a - Foxfire               Conj/Fire      ###.         4%          1
b - Conjure Flame         Conj/Fire      ###.....     14%         3
c - Inner Flame           Hex/Fire       ###.....     21%         3

Your spell library contained the following spells:

 Spells                   Type           Power        Failure   Level
 Sticky Flame             Conj/Fire      ###.....     43%         4
 Fireball                 Conj/Fire      ###.......   80%         5


Dungeon Overview and Level Annotations

Branches:
Dungeon (4/15)            Ossuary (visited)
 Temple: D:4-7

Altars:


Innate Abilities, Weirdness & Mutations

You cannot wear most types of armour.
You are very stealthy in the water. (Stealth+)
You are amphibious.
You can wear up to eight rings at the same time.
You can use your tentacles to constrict eight enemies at once.
Your skin changes colour to match your surroundings (Stealth+).
Your rubbery body absorbs attacks. (AC +1, EV +1)


Message History

Okay, then.
Throwing (i - inventory)
k - 4 atropa-tipped darts (quivered)
Press: ? - help, Shift-Dir - straight line, f - mummy
Aim: a mummy (immune)
Okay, then.
Unknown command.
There is a gate leading back out of this place here.
It was a potion of brilliance.
You feel clever all of a sudden.
It was a potion of attraction.
You feel attractive to monsters. The mummy is pulled toward you!
The mummy barely misses you. The mummy hits you.
Welcome back to the Dungeon!
There is a collapsed entrance here.
The mummy hits you! The mummy hits you.
* * * LOW HITPOINT WARNING * * *
The mummy is pulled toward you! The mummy hits you!
You die...

*,*,***** *,,,,,,,* *,*,***,*
*,*,,,#,###########
*,*,*,#.#.........#
*,*,*,#.#.######..######
*,*,*,#...#....#.......##***
*,*,#.##..###M.#........#*,,
******,*,#......@M..#........#*,,
,>,,,,,......#.###..#........#*,,
,,,,,,,#.###...#....#........#*,,
,,,,,,,#,* ##..######........+,,.
,,,,,,,*,* #....(...........##..
,,,,,,,*,***##..##...............
,,,,,,,,,,,,,....................
,,,,,,,*,****##.###.........#....
,,,,,,,,,*,,,,,,**#.####.........


You could see 2 mummies.

Vanquished Creatures
  A hound (D:4)
  An iguana (D:4)
  2 mummies (Ossuary)
  3 adders (D:2)
  2 oozes
  3 dart slugs
  3 leopard geckos
  A giant cockroach (D:2)
  A gnoll zombie (Ossuary)
  4 goblins
  7 hobgoblins
  3 jackals (D:2)
  A ball python (D:3)
  4 bats
  A goblin zombie (D:4)
  5 hobgoblin zombies (Ossuary)
  2 kobolds
  A kobold zombie (Ossuary)
  A leopard gecko skeleton (D:4)
  7 rats
  A rat zombie (D:4)
54 creatures vanquished.

Vanquished Creatures (others)
  137 foxfires
137 creatures vanquished.

Grand Total: 191 creatures vanquished

Notes
Turn   | Place    | Note
-------+----------+-------------------------------------------
     0 | D:1      | Conn the Octopode Fire Elementalist began the quest for the
                  | Orb.
     0 | D:1      | Reached XP level 1. HP: 11/11 MP: 3/3
   300 | D:1      | Reached XP level 2. HP: 9/17 MP: 3/5
  1299 | D:2      | Reached XP level 3. HP: 21/21 MP: 4/6
  1466 | D:2      | Learned a level 3 spell: Conjure Flame
  2092 | D:2      | Reached XP level 4. HP: 27/27 MP: 8/8
  3092 | D:3      | Learned a level 3 spell: Inner Flame
  3603 | D:4      | Reached XP level 5. HP: 11/32 MP: 6/9
  3644 | D:4      | Found a sand-covered staircase.
  3656 | Ossuary  | Entered an ossuary
  3827 | Ossuary  | Reached skill level 4 in Fire Magic
  3897 | D:4      | Slain by a mummy

Illustrated notes

Levels and vault maps discovered:
D:1:      zaba_arrival_water, layout_loops_ring, serial_forest,
          infiniplex_forest_straight_4, infiniplex_forest_clump_small,
          infiniplex_forest_end_3, infiniplex_forest_clump_diagonal,
          infiniplex_forest_lined_4_way, infiniplex_forest_clump_double,
          infiniplex_forest_end_2, eino_curves_01
D:2:      layout_basic, serial_co_window_serial, co_window_paths_b,
          co_window_paths_b, co_window_of_opportunity_a, co_window_paths_a,
          co_window_paths_b, co_window_2corner, co_window_corner_cb,
          co_window_cross_2, co_window_broadway_c, co_window_cross_2,
          co_window_corner_b, co_window_cross_2, glass_columns_a,
          chequers_serial_rivers_room_b, minmay_pentomino_p2
D:3:      layout_rooms, kennysheep_generic_room_9
D:4:      layout_basic, enter_ossuary_4

Skill      XL: |  1  2  3  4  5 |
---------------+----------------+-----
Stealth        | 3 |  3.5
Spellcasting   | 3 |  3.5
Fire Magic     | 4 |  4.0
Fighting       | |  0.5
Short Blades   | |  0.2
Dodging        | |  2.4
Unarmed Combat | |  0.4
Conjurations   | |  1.6

Action                   |  1- 3 |  4- 6 || total
-------------------------+-------+-------++-------
Melee: Unarmed           |    38 |       ||    38
       Constrict         |     8 |     7 ||    15
       Tentacles         |     7 |     4 ||    11
       Short sword       |     7 |    24 ||    31
Throw: Dart              |       |     1 ||     1
 Cast: Foxfire           |    38 |    46 ||    84
  Use: Scroll            |     2 |     7 ||     9
       Potion            |       |     2 ||     2
 Stab: Sleeping          |     5 |       ||     5
Armor: Skin              |     4 |     1 ||     5
Dodge: Dodged            |    34 |    22 ||    56

Table legend: (Time is in decaauts)
 A = Elapsed time spent in this place.
 B = Non-inter-level travel time spent in this place.
 C = Inter-level travel time spent in this place.
 D = Time resting spent in this place.
 E = Time spent auto-exploring this place.
 F = Levels seen in this place.
 G = Mean time per level.
                   A        B        C        D        E       F      G
               +--------+--------+--------+--------+--------+-----+--------+
         Total |   3897 |   3846 |     51 |    712 |   2096 |   5 |  779.4 |
       Dungeon |   3659 |   3608 |     51 |    554 |   2096 |   4 |  914.8 |
       Ossuary |    238 |    238 |      0 |    158 |      0 |   1 |  238.0 |
               +--------+--------+--------+--------+--------+-----+--------+

Top non-repeatable levels by time:
     D:2: 1682 daAuts
     D:1: 1284 daAuts
     D:3: 562 daAuts
 Ossuary: 238 daAuts
     D:4: 131 daAuts
